Map: 亚历山大港 - 天梯版

Players

RAIL

  • Race: Protoss Protoss

SortOf - Winner!

  • Race: Zerg Zerg

Event: WESG 2018 Grand Finals

VOD

Have the link to the VOD?

Description

Time

  • Played on: March 12, 2019, 3:38 a.m.
  • Length: 8:46

All games in this series

Show
View Real Time Build Order
Export as new Build Order

RAIL Protoss 

Build Orders: 1 Gate Expand, Oracle Opening, Phoenix Opening, Archon Immortal, Archon Drop 

Get SALT Encoding   

  12  0:01  Probe  
  13  0:13  Probe  
  14  0:19  Pylon  
  14  0:25  Probe  
  15  0:33  Probe  
  15  0:39  Gateway  
  15  0:41  Probe  
  16  0:48  Assimilator  
  17  0:52  Probe  
  19  1:04  Probe  
  19  1:16  Probe  
  20  1:28  Nexus  
  20  1:35  Cybernetics Core  
  20  1:38  Probe  
  21  1:44  Assimilator  
  21  1:50  Probe  
  22  1:57  Pylon  
  22  2:01  Probe  
  23  2:11  Probe  
  23  2:15  Adept  
  26  2:19  Probe  
  26  2:20  Stargate  
  26  2:29  Warp Gate  
  27  2:30  Probe  
  27  2:36  Probe  
  28  2:40  Probe  
  30  2:44  Probe  
  30  2:45  Adept  
  30  2:48  Probe  
  33  2:54  Probe  
  35  3:00  Probe  
  35  3:04  Phoenix  
  38  3:06  Probe  
  40  3:20  Probe  
  40  3:22  Probe  
  40  3:24  Pylon  
  41  3:31  Probe  
  41  3:32  Probe  
  42  3:34  Oracle  
  42  3:39  Probe  
  46  3:41  Probe  
  46  3:42  Gateway  
  46  3:46  Assimilator  
  48  3:49  Probe x2, Assimilator  
  48  3:55  Robotics Facility  
  50  4:01  Twilight Council, Probe  
  51  4:02  Probe  
  51  4:03  Pylon  
  52  4:13  Probe  
  52  4:15  Probe  
  54  4:18  Gateway  
  54  4:21  Gateway  
  54  4:26  Probe  
  54  4:28  Zealot  
  57  4:33  Warp Prism  
  57  4:36  Pylon  
  57  4:40  Templar Archives  
  59  4:53  Nexus  
  59  5:05  Robotics Facility  
  59  5:06  Shield Battery  
  59  5:13  Probe x2  
  59  5:14  Pylon  
  57  5:30  Probe  
  57  5:31  High Templar x4, Probe  
  57  5:34  Immortal  
  57  5:35  Archon  
  67  5:40  Archon  
  67  5:43  Probe x2  
  67  5:45  Pylon  
  67  5:48  Immortal, Charge  
  73  5:55  Probe  
  78  6:03  Probe  
  79  6:04  Zealot x2  
  79  6:06  Probe  
  79  6:07  Zealot, Probe  
  79  6:08  Zealot  
  84  6:15  Probe  
  84  6:16  Pylon  
  82  6:19  Probe x2, Immortal  
  88  6:27  Probe, Immortal  
  88  6:29  Zealot  
  92  6:39  Pylon  
  96  6:44  Gateway  
  96  6:45  Gateway  
  95  6:47  Gateway  
  95  6:49  Sentry  
  95  6:53  Observer  
  97  6:56  Immortal  
  97  7:00  Pylon  
  98  7:05  Pylon  
  98  7:07  Sentry x2  
  106  7:10  Pylon  
  106  7:18  Zealot  
  108  7:23  Pylon  
  108  7:26  Pylon, Immortal  
  108  7:31  Zealot  
  108  7:32  Zealot x2  
  118  7:38  Zealot  
  118  7:39  Zealot  
  118  7:42  Gateway  
  118  7:43  Zealot x2  
  126  7:53  High Templar x2  
  126  7:54  Zealot  
  126  7:57  Pylon  
  126  7:58  Archon  
  132  7:59  Zealot x2  
  132  8:01  Probe  
  131  8:21  Zealot  
  131  8:22  Zealot x3  
  131  8:24  Zealot  
  123  8:33  Zealot x2  
  91  8:41  Zealot  
Show
View Real Time Build Order
Export as new Build Order

SortOf Zerg - Winner!

Build Orders: Hatch First 

Get SALT Encoding   

  12  0:00  Drone  
  13  0:12  Overlord  
  13  0:18  Drone  
  14  0:31  Drone x2  
  16  0:49  Hatchery  
  15  0:52  Drone  
  15  0:56  Drone  
  17  0:59  Drone  
  18  1:10  Extractor  
  17  1:16  Spawning Pool  
  17  1:18  Drone  
  17  1:21  Drone  
  18  1:28  Drone  
  19  1:41  Drone  
  20  1:49  Hatchery  
  20  1:53  Drone  
  20  2:02  Queen  
  20  2:06  Zergling x2  
  23  2:12  Overlord  
  23  2:15  Drone  
  23  2:19  Drone  
  26  2:22  Drone  
  26  2:28  Drone  
  27  2:31  Queen  
  27  2:36  Drone  
  30  2:37  Drone  
  31  2:44  Queen  
  31  2:49  Drone  
  34  2:52  Zergling x2  
  34  2:56  Metabolic Boost  
  34  2:57  Drone  
  36  3:03  Queen  
  36  3:05  Drone  
  39  3:11  Drone  
  39  3:13  Zergling x2  
  39  3:15  Drone  
  39  3:17  Drone  
  42  3:25  Overlord  
  42  3:30  Spore Crawler  
  41  3:39  Drone  
  42  3:43  Drone x3  
  42  3:44  Overlord, Drone  
  42  3:45  Drone x2  
  48  3:50  Drone x2  
  48  3:51  Evolution Chamber  
  48  3:54  Drone  
  48  3:55  Overlord x2  
  50  4:03  Spore Crawler  
  50  4:04  Spore Crawler  
  50  4:06  Overlord  
  50  4:07  Queen  
  50  4:15  Drone  
  50  4:16  Drone x4  
  55  4:19  Drone x2  
  55  4:21  Overlord  
  55  4:23  Drone  
  58  4:25  Drone x2  
  58  4:30  Zerg Melee Weapons Level 1, Drone  
  61  4:34  Queen  
  63  4:40  Drone x3  
  63  4:42  Zergling x4  
  68  4:46  Zergling x6  
  68  4:47  Zergling x2  
  68  4:51  Lair  
  72  4:53  Drone  
  72  4:54  Extractor  
  72  4:58  Spine Crawler  
  72  4:59  Overlord  
  71  5:00  Drone  
  71  5:01  Drone  
  72  5:09  Overlord  
  72  5:11  Drone  
  72  5:12  Overlord  
  72  5:13  Queen, Baneling Nest  
  73  5:24  Zergling x18  
  81  5:31  Drone x5, Extractor  
  81  5:32  Queen, Extractor  
  86  5:42  Zergling x10  
  88  5:48  Drone  
  88  5:49  Extractor  
  88  5:50  Zergling x4, Drone x2  
  88  5:51  Hydralisk Den  
  88  5:54  Overseer, Drone  
  92  6:01  Drone  
  92  6:03  Drone x2  
  93  6:07  Drone x2  
  93  6:08  Drone x2  
  92  6:13  Drone x2  
  91  6:19  Drone  
  91  6:21  Drone x2  
  91  6:22  Grooved Spines  
  92  6:28  Hydralisk x3  
  92  6:29  Extractor  
  95  6:34  Overlord  
  95  6:35  Hydralisk  
  95  6:36  Overlord  
  97  6:42  Hatchery  
  97  6:44  Overlord  
  96  6:51  Overlord  
  96  6:52  Centrifical Hooks  
  96  6:53  Hydralisk x3  
  102  6:55  Zergling x12  
  102  7:00  Zergling x10  
  113  7:03  Zergling x2  
  113  7:05  Baneling x2  
  114  7:17  Overlord  
  114  7:18  Hydralisk x4  
  114  7:22  Overlord  
  122  7:28  Drone x2  
  123  7:34  Muscular Augments  
  123  7:36  Overlord, Hydralisk x4  
  123  7:39  Overlord  
  123  7:41  Zergling x2  
  132  7:44  Overlord  
  132  7:47  Zergling x6  
  132  7:51  Baneling x10  
  135  7:54  Overlord  
  135  7:59  Hydralisk x2  
  135  8:00  Hydralisk  
  140  8:07  Zergling x8  
  140  8:08  Zergling x12  
  140  8:12  Baneling x7  
  150  8:14  Zergling x6  
  148  8:22  Zergling x2  
  148  8:23  Zergling x6  
Tags
 
Add a new tag
Caveats
  • Supply blocks, unpowered buildings, or Contaminate may cause inaccurate times.
  • Supply counts are checked every 10 seconds.